AoeStats
← tarepo

Black Forest

505629742Analyzed
4v4 RM · 21d ago on Sep 10, 2026· 44m 36s· 8 players
Game mode
Random Map
Map size
Large (8 player)
Population
200
Speed
Normal
Resources
Standard
Victory
Conquest
Starting age
Dark Age
Ending age
Imperial Age
RankedLock teamsTeams togetherTeam positionsShared explorationLock speedFull tech treeHidden civsTurbo modeCheats
Victory
Defeat
🇬🇧 Slavs · United Kingdom
610
+13
🇪🇸 Franks · Spain
608
+13
🇮🇳 Byzantines · India
598
+13
579
+14
🇬🇷 Khmer · Greece
685
-18
🇨🇭 Spanish · Switzerland
520
-13
🇹🇷 Italians · Türkiye
482
-11
🇹🇷 Sicilians · Türkiye
482
-11
Dr Hitman
9:27 Loom
12:30 Feudal Age
12:58 Double-Bit Axe
24:30 Scale Barding Armor
26:29 Castle Age
32:53 Wheelbarrow
33:00 Bow Saw
37:01 Husbandry
37:31 Chain Barding Armor
37:25 Forging
44:59 Hand Cart
look my 3 garbag e team noobs,lo
0:31 Loom
11:41 Feudal Age
13:08 Double-Bit Axe
16:11 Castle Age
25:04 Bow Saw
29:58 Wheelbarrow
29:32 Town Watch
30:22 Town Patrol
32:58 Imperial Age
32:12 Chemistry
30:53 Treadmill Crane
31:35 Hand Cart
33:01 Houfnice
35:26 Two-Man Saw
34:46 Heavy Scorpion
athmaniac
0:43 Loom
20:19 Feudal Age
21:48 Double-Bit Axe
22:22 Horse Collar
27:30 Castle Age
27:01 Stone Mining
35:04 Gold Mining
37:21 Fortified Wall
37:22 Masonry
37:12 Murder Holes
40:35 Heavy Plow
45:15 Imperial Age
43:00 Scale Barding Armor
43:05 Forging
Pottaro
1:12 Loom
11:01 Feudal Age
11:39 Double-Bit Axe
12:36 Wheelbarrow
17:52 Arson
20:35 Forging
20:26 Scale Mail Armor
20:17 Fletching
20:28 Padded Archer Armor
20:55 Gold Mining
20:57 Stone Mining
25:38 Castle Age
24:03 Scale Barding Armor
24:56 Man-at-Arms
28:02 Bow Saw
32:43 Husbandry
33:21 Hand Cart
34:01 Iron Casting
33:42 Leather Archer Armor
33:43 Chain Mail Armor
33:24 Bodkin Arrow
32:53 Elite Skirmisher
42:25 Imperial Age
41:46 Hand Cart
42:51 Coinage
42:22 Caravan
tarepo
2:10 Loom
15:59 Feudal Age
20:28 Castle Age
19:46 Wheelbarrow
19:28 Double-Bit Axe
19:25 Horse Collar
19:40 Gold Mining
21:00 Wheelbarrow
20:21 Stone Mining
22:12 Wheelbarrow
21:24 Town Watch
23:33 Hand Cart
24:27 Heavy Plow
28:03 Town Patrol
29:21 Stone Shaft Mining
31:44 Caravan
37:25 Imperial Age
35:26 Scale Mail Armor
35:37 Forging
34:50 Pikeman
35:30 Squires
38:40 Conscription
41:44 Bloodlines
40:55 Light Cavalry
41:38 Husbandry
40:59 Cavalier
42:34 Onager
Elentin
0:49 Loom
15:14 Feudal Age
21:57 Castle Age
20:41 Gold Mining
20:40 Double-Bit Axe
29:51 Bow Saw
33:37 Imperial Age
34:12 Gold Shaft Mining
33:23 Horse Collar
35:27 Wheelbarrow
34:40 Town Watch
35:46 Double Crossbow
37:00 Conscription
37:55 Chemistry
38:28 Elite Ballista Elephant
40:28 Forging
40:28 Siege Engineers
40:32 Heavy Plow
Ejderya
1:22 Loom
13:43 Feudal Age
14:14 Double-Bit Axe
22:22 Castle Age
20:54 Fletching
26:23 Stone Mining
26:40 Crossbowman
27:37 Crossbowman
28:22 Thumb Ring
28:50 Caravan
29:15 Bodkin Arrow
29:21 Padded Archer Armor
31:32 Leather Archer Armor
31:17 Gold Mining
32:02 Stone Shaft Mining
32:57 Wheelbarrow
32:59 Ballistics
34:31 Town Watch
35:03 Hand Cart
39:23 Imperial Age
37:17 Hand Cart
mhaliddur
11:39 Feudal Age
12:08 Loom
12:47 Horse Collar
12:57 Double-Bit Axe
20:05 Gold Mining
27:39 Stone Mining
31:32 Forging
40:23 Castle Age
Connection lost

Rejoining the realm…

Still unreachable

The connection could not be restored.

Session expired

The server has moved on; the page needs a fresh start.